 Dungeon Crawl Stone Soup version 0.29-a0-472-ge5599a681e (webtiles) character file.

Game seed: 13312835014373704704

37 ytrimaz the Insei (level 3, -13/34 HPs)
             Began as an Octopode Transmuter on May 22, 2022.
             Killed by an exploding kobold (17 damage)
             ... ignited by their inner flame
             ... on level 2 of the Dungeon.
             The game lasted 00:01:23 (1259 turns).

ytrimaz the Insei (Octopode Transmuter)             Turns: 1259, Time: 00:01:23

Health: -13/34     AC: 21    Str:  9    XL:     3   Next: 39%
Magic:  6/6        EV:  2    Int: 19    God:
Gold:   95         SH:  0    Dex: 12    Spells: 2/6 levels left

rFire   . . .      SeeInvis .     - Unarmed
rCold   . . .      Faith    .   (no shield)
rNeg    . . .      Spirit   .   (helmet currently unavailable)
rPois   +          Reflect  .   (no amulet)
rElec   .          Harm     .   (no ring)
rCorr   .          Rampage  .   (no ring)
Will    .....      NoTele   +   (no ring)
Stlth   ++........              (no ring)
HPRegen 0.11/turn               (no ring)
MPRegen 0.10/turn               (no ring)
                                (no ring)
                                (no ring)

@: tree-form
A: stationary, stasis, torment immunity, boosted hp, almost no armour,
(amphibious), 8 rings, (camouflage 1), (gelatinous body 1), (nimble swimmer 1),
(tentacles), (tentacle spike 1), clever 1, sense surroundings 1, inhibited
regeneration
a: no special abilities


You were on level 2 of the Dungeon.
You were a tree.
You visited 1 branch of the dungeon, and saw 2 of its levels.

You collected 95 gold pieces.

Inventory:

Scrolls
 d - a scroll of fog {unknown}
 e - a scroll of identify {unknown}


   Skills:
 - Level 1.0 Fighting
 - Level 2.0 Dodging
 * Level 2.3 Stealth
 + Level 3.9 Unarmed Combat
 - Level 2.0 Spellcasting
 - Level 2.0 Transmutations
 * Level 0.5 Poison Magic


You had 2 spell levels left.
You knew the following spells:

 Your Spells              Type           Power      Damage    Failure   Level
a - Beastly Appendage     Tmut           18%        N/A       8%          1
b - Spider Form           Tmut/Pois      6%         N/A       30%         3

Your spell library contained the following spells:

 Spells                   Type           Power      Damage    Failure   Level
 Wereblood                Tmut           9%         N/A       11%         2
 Ignite Poison            Fire/Tmut/Pois 5%         N/A       34%         3
 Mephitic Cloud           Conj/Pois/Air  2%         N/A       43%         3
 Ice Form                 Ice/Tmut       5%         N/A       73%         4
 Freezing Cloud           Conj/Ice/Air   0%         6-21      99%         5


Dungeon Overview and Level Annotations

Branches:
Dungeon (2/15)

Altars:


Innate Abilities, Weirdness & Mutations

You are a tree.
Your roots penetrate the ground, keeping you stationary.
You cannot be teleported.
You are immune to unholy pain and torment.
Your maximum health is greatly increased.
You cannot wear most types of armour.
((You are amphibious.))
You can wear up to eight rings at the same time.
((Your skin changes colour to match your surroundings (Stealth+).))
((Your rubbery body absorbs attacks. (AC +1, EV +1)))
((You are camouflaged when in or above water. (Stealth+)))
((You have tentacles for arms and can constrict up to eight enemies at once.))
((One of your tentacles bears a spike.))
Your mind is acute. (Int +2)
You passively map a small area around you.
You do not regenerate when monsters are visible.


Message History

You see here a +0 club.
You completely miss the frilled lizard. You grab the frilled lizard.
Your tentacle spike misses the frilled lizard.
You constrict the frilled lizard. The frilled lizard barely misses you.
The kobold barely misses you.
You tentacle-slap the frilled lizard but do no damage.
You pierce the frilled lizard, but do no damage.
You squeeze the frilled lizard.
You kill the frilled lizard!
The kobold hits you with a +2 short sword of freezing.
The kobold freezes you.
You barely miss the kobold. Your grab misses the kobold.
You pierce the kobold, but do no damage.
The kobold hits you with a +2 short sword of freezing.
The kobold freezes you.
You barely miss the kobold. Your grab misses the kobold.
You pierce the kobold.
The kobold is moderately wounded.
Your transformation is almost over.
The kobold hits you with a +2 short sword of freezing.
* * * LOW HITPOINT WARNING * * *
The kobold freezes you.
* * * LOW HITPOINT WARNING * * *
Really quaff the potion of lignification?
Your tentacle spike disappears.
You turn into a tree.
Your roots penetrate the ground.
The kobold hits you but does no damage.
Unknown command.
As you read the scroll labelled DUOMIHI GOBIOCOIHI, it crumbles to dust.
The creatures around you are filled with an inner flame!
It was a scroll of immolation.
The kobold hits you but does no damage.
It was a potion of mutation.
You feel extremely strange.
You feel clever.
Your regeneration stops near monsters.
One of your lower tentacles grows a sharp spike.
You feel a strange attunement to the structure of the dungeons.
The kobold hits you but does no damage.
You smack the kobold!
The kobold explodes!
The fiery explosion engulfs you!
Ouch! That really hurt!
You die...

,
#...###.##.##.###.#......#
* #...# #.##....,
..#......# ..### #..####
*###.†....# * ##.. #....#*
, #.#..... #. ,#....#
#.#....# #.,, #....#
#.##.### . , #....#, , ,
#....# # , ....###§.# *
######## , #...§§♣.#, *
#...... , #...§§§.......
#...... , , #........#....
#...... , ,#........#,...
#...... #.........,*##
#...... ###........*
#...### , #.........* #...
,, *#######...# #... , ,
#...


There were no monsters in sight!

Vanquished Creatures
  An adder (D:2)
  A dart slug (D:1)
  2 bats (D:1)
  2 endoplasms
  2 giant cockroaches (D:1)
  3 goblins
  3 hobgoblins (D:1)
  3 kobolds
  3 ball pythons (D:1)
  A frilled lizard (D:2)
  4 rats (D:1)
25 creatures vanquished.

Notes
Turn   | Place    | Note
-------+----------+-------------------------------------------
     0 | D:1      | ytrimaz the Octopode Transmuter began the quest for the
                  | Orb.
     0 | D:1      | Reached XP level 1. HP: 13/13 MP: 3/3
   212 | D:1      | Reached skill level 1 in Stealth
   348 | D:1      | Reached XP level 2. HP: 18/18 MP: 3/5
   441 | D:1      | Found a faded altar of an unknown god.
   970 | D:1      | Reached XP level 3. HP: 23/23 MP: 4/6
   974 | D:1      | Learned a level 3 spell: Spider Form
  1258 | D:2      | Gained mutation: Your mind is acute. (Int +2) [potion of
                  | mutation]
  1258 | D:2      | Gained mutation: You do not regenerate when monsters are
                  | visible. [potion of mutation]
  1258 | D:2      | Gained mutation: One of your tentacles bears a spike.
                  | [potion of mutation]
  1258 | D:2      | Gained mutation: You passively map a small area around you.
                  | [potion of mutation]
  1259 | D:2      | Killed by an exploding kobold... ignited by their inner
                  | flame

Illustrated notes

Levels and vault maps discovered:
D:1:      lemuel_arrival_room, layout_basic, basic_ecumenical_altar,
          hangedman_decor_push
D:2:      layout_basic

Skill      XL: |  1  2 |
---------------+-------+-----
Stealth        | 1 2 |  2.3
Fighting       | |  1.0
Dodging        | |  2.0
Unarmed Combat | |  3.9
Spellcasting   | |  2.0
Transmutations | |  2.0
Poison Magic   | |  0.5

Action                   || total
-------------------------++-------
Melee: Unarmed           ||    46
       Constrict         ||    16
       Tentacles         ||    11
       Kick              ||    10
       Punch             ||     1
 Cast: Beastly Appendage ||    16
  Use: Potion            ||     2
       Scroll            ||     1
 Stab: Sleeping          ||     4
Armor: Skin              ||     4
Dodge: Dodged            ||    40

Table legend: (Time is in decaauts)
 A = Elapsed time spent in this place.
 B = Non-inter-level travel time spent in this place.
 C = Inter-level travel time spent in this place.
 D = Time resting spent in this place.
 E = Time spent auto-exploring this place.
 F = Levels seen in this place.
 G = Mean time per level.
                   A        B        C        D        E       F      G
               +--------+--------+--------+--------+--------+-----+--------+
         Total |   1255 |   1235 |     20 |      0 |   1044 |   2 |  627.5 |
       Dungeon |   1255 |   1235 |     20 |      0 |   1044 |   2 |  627.5 |
               +--------+--------+--------+--------+--------+-----+--------+

Top non-repeatable levels by time:
     D:1: 1004 daAuts
     D:2: 251 daAuts
